[Event "Live Chess"]
[Site "Chess.com"]
[Date "2024.06.02"]
[Round "-"]
[White "SavagePawn7"]
[Black "Dhaydon19"]
[Result "0-1"]
[WhiteElo "642"]
[BlackElo "2680"]
[TimeControl "300"]
[EndTime "22:35:55 PDT"]
[Termination "Dhaydon19 won by resignation"]

1. e4 c6 2. d4 d5 3. Nc3 dxe4 4. Bc4 Nf6 5. f3 exf3 6. Nxf3 e6 7. Bg5 Nbd7 8. O-O Be7 9. Ne5 Nxe5 10. Qg4 Nexg4 11. Bxf6 Bxf6 0-1

[Event "Live Chess"]
[Site "Chess.com"]
[Date "2024.06.02"]
[Round "-"]
[White "csgwoodpusher"]
[Black "Tatarinov_Maxim"]
[Result "0-1"]
[WhiteElo "1031"]
[BlackElo "2279"]
[TimeControl "300"]
[EndTime "22:36:39 PDT"]
[Termination "Tatarinov_Maxim won by resignation"]

1. d4 Nf6 2. Bf4 g6 3. e3 Bg7 4.
Bd3 d6 5. c3 c5 6. Nf3 b6 7.
O-O Ba6 8. Bxa6 Nxa6 9. Nbd2 Nc7 10. Re1 O-O 11. h3 Rc8 12. a4 Nd7 13. Nh2 a6 14. b4 Nd5 15. bxc5 bxc5 16. Bg3 Nxc3 17. Qc2 cxd4 18. Qd3 Nc5 19. Qf1 dxe3 20. fxe3 N3xa4 21. Rec1 Bxa1 22. Rxa1 Nc3 0-1

[Event "Live Chess"]
[Site "Chess.com"]
[Date "2024.06.02"]
[Round "-"]
[White "MagnersCarlsberg2870"]
[Black "Greenbecker"]
[Result "0-1"]
[WhiteElo "1821"]
[BlackElo "1744"]
[TimeControl "300"]
[EndTime "22:37:50 PDT"]
[Termination "Greenbecker won by resignation"]

1. d4 d5 2. e3 e6 3. Bd3 c5 4.
c3 Nc6 5. f4 Nf6 6. Nd2 Be7 7.
Ngf3 O-O 8. O-O a6 9. Ne5 c4 10. Bc2 Qc7 11. Rf3 b5 12. Rh3 b4 13. g4 g6 14. g5 Ne8 15. Qe1 Nxe5 16. Qh4 h5 17.
fxe5 Ng7 18. Nf1 Qd8 19. e4 bxc3 20. bxc3 Bb7 21. Ng3 dxe4 22. Bxe4 Bxe4 23. Nxe4 Nf5 24. Qf2 Qd5 25. Nf6+ Bxf6 26. gxf6 Qe4 27. Ba3 Rfb8 28. Re1 Rb1 29. Bc1 Qg4+ 30. Qg2 Qxg2+ 31. Kxg2 Rab8 32. Bd2 Rxe1 33. Bxe1 Rb2+ 34. Kf1 Rxa2 35. Rf3 Rxh2 36.
Kg1 Re2 37. Rf1 Ne3 38. Kh1 Nxf1 0-1

[Event "Live Chess"]
[Site "Chess.com"]
[Date "2024.06.02"]
[Round "-"]
[White "elephantgerrald"]
[Black "febray_27"]
[Result "0-1"]
[WhiteElo "808"]
[BlackElo "2048"]
[TimeControl "300"]
[EndTime "22:39:01 PDT"]
[Termination "febray_27 won by checkmate"]

1. e4 c5 2. Nf3 e6 3. Nc3 a6 4.
Bc4 Nc6 5. O-O b5 6. Bd3 Nf6 7. a3 Bb7 8. b4 c4 9. Be2 g6 10. d3 cxd3 11. Bxd3 Bg7 12. Bf4 O-O 13. Bd6 Re8 14. Re1 Nh5 15. e5 Nf4 16. g3 Nd5 17. Nxd5 exd5 18. a4 Nxb4 19. axb5 Nxd3 20. Qxd3 axb5 21.
Rxa8 Qxa8 22. Qxb5 Bc6 23. Qc5 h6 24. c4 dxc4 25.
Qxc4 Bxf3 26. Qf4 Bh1 27. e6 Qg2# 0-1

[Event "Live Chess"]
[Site "Chess.com"]
[Date "2024.06.02"]
[Round "-"]
[White "KeithArkell"]
[Black "Duke_of_Bebington"]
[Result "1-0"]
[WhiteElo "2417"]
[BlackElo "1663"]
[TimeControl "300"]
[EndTime "22:39:12 PDT"]
[Termination "KeithArkell won by checkmate"]

1. d4 d5 2. Nf3 Nf6 3. c4 c6 4. Nc3 dxc4 5. a4 e6 6. e3 Bd6 7. Bxc4 O-O 8. e4 Be7 9. O-O b6 10. Bf4 Bb7 11. Qe2 Nbd7 12. Rfd1 Rc8 13. h3 Ne8 14. a5 Ba8 15. axb6 Qxb6 16. b3 Bb4 17. Na4 Qb7 18. Ne5 Nxe5 19. Bxe5 Nc7 20. Nc5 Bxc5 21. dxc5 Nb5 22. Rd3 Rfd8 23. Rad1 Qe7 24.
Qg4 Qf8 25. Rxd8 Rxd8 26. Rxd8 Qxd8 27. Qxg7# 1-0

[Event "Live Chess"]
[Site "Chess.com"]
[Date "2024.06.02"]
[Round "-"]
[White "Greenbecker"]
[Black "Tatarinov_Maxim"]
[Result "0-1"]
[WhiteElo "1740"]
[BlackElo "2280"]
[TimeControl "300"]
[EndTime "22:39:19 PDT"]
[Termination "Tatarinov_Maxim won by resignation"]

1. e4 c5 2. Nc3 Nc6 3. g3 g6 4. Bg2 Bg7 5. Nge2 Nf6 6. O-O O-O 7. d3 d6 8. Be3 Rb8 9. a4 a6 10. f4 Nd7 11. Kh1 b5 12. axb5 axb5 13. Nd5 Bxb2 14. Ra6 Bxa6 0-1

[Event "Live Chess"]
[Site "Chess.com"]
[Date "2024.06.02"]
[Round "-"]
[White "Dhaydon19"]
[Black "Isambard_Thomas"]
[Result "1-0"]
[WhiteElo "2681"]
[BlackElo "2152"]
[TimeControl "300"]
[EndTime "22:39:59 PDT"]
[Termination "Dhaydon19 won by resignation"]

1. d4 Nf6 2. Nf3 d5 3. g3 c6 4. Bg2 Bg4 5. c3 e6 6. Nbd2 Bd6 7. O-O h5 8. h4 Nbd7 9. Re1 Qc7 10. e4 dxe4 11.
Nxe4 Nxe4 12. Rxe4 Bxg3 13. fxg3 Qxg3 14. Bf4 Bxf3 15.
Qxf3 Qxh4 16. Rae1 g5 17. Bc7 g4 18. Rxe6+ fxe6 19. Rxe6+ Qe7 20. Rxe7+ Kxe7 21. Qe4+ Kf7 22. Qf4+ Nf6 23.
Be5 1-0

[Event "Live Chess"]
[Site "Chess.com"]
[Date "2024.06.02"]
[Round "-"]
[White "WilliamofOrange16th"]
[Black "MagnersCarlsberg2870"]
[Result "1-0"]
[WhiteElo "1989"]
[BlackElo "1816"]
[TimeControl "300"]
[EndTime "22:41:42 PDT"]
[Termination "WilliamofOrange16th won by checkmate"]

1. e4 d6 2. d4 Nf6 3. Nc3 Nbd7 4. g4 e5 5. g5 exd4 6. Qxd4 Ng4 7. h3 Nge5 8. f4 Nc6 9. Qf2 h6 10. Nf3 f6 11. Qh4 Nb4 12. Qh5+ Ke7 13. Bc4 Nc5 14. Qf7# 1-0

[Event "Live Chess"]
[Site "Chess.com"]
[Date "2024.06.02"]
[Round "-"]
[White "elephantgerrald"]
[Black "KeithArkell"]
[Result "0-1"]
[WhiteElo "808"]
[BlackElo "2417"]
[TimeControl "300"]
[EndTime "22:42:12 PDT"]
[Termination "KeithArkell won by checkmate"]

1. e4 c6 2. d4 d5 3. e5 c5 4.
dxc5 Nc6 5. Nf3 Bg4 6. Be2 e6 7. O-O Bxf3 8. Bxf3 Bxc5 9. b3 Bd4 10. c3 Bxe5 11.
c4 Nf6 12. cxd5 Nxd5 13. Bxd5 Qxd5 14. Qxd5 exd5 15. Re1 O-O 16. Bg5 Bxa1 17. Nd2 Bc3 18. Re2 Bxd2 19. Rxd2 Rfe8 20. h3 d4 21. Rd3 f6 22.
Bf4 Re1+ 23. Kh2 Re2 24. Rg3 Rxa2 25. Bh6 g6 26. f4 Kf7 27. f5 Re8 28. fxg6+ hxg6 29. h4 Re4 30. Kh3 Ra1 31. Rf3 Ne5 32. Kg3 Nxf3 33.
Kxf3 Ree1 34. Kg3 d3 35. Kh3 Re2 36. Kg3 d2 37. Bxd2 Rxd2 38. Kf3 Raa2 39. Ke3 Rxg2 40. Kf3 Rh2 41. Kg3 Raf2 42. Kg4 f5+ 43. Kg5 Rhg2+ 44. Kh6 Rg4 45. h5 Rh4 46. Kg5 Rxh5# 0-1

[Event "Live Chess"]
[Site "Chess.com"]
[Date "2024.06.02"]
[Round "-"]
[White "EPotapov05"]
[Black "AlanBstard10"]
[Result "1-0"]
[WhiteElo "1791"]
[BlackElo "1160"]
[TimeControl "300"]
[EndTime "22:42:23 PDT"]
[Termination "EPotapov05 won on time"]

1. d4 Nf6 2. c4 c5 3. d5 b5 4.
cxb5 a6 5. bxa6 Qa5+ 6. Bd2 Qb6 7. Bc3 Bxa6 8. e3 Bxf1 9. Kxf1 d6 10. Nf3 Ne4 11. Qc2 Nxc3 12. Nxc3 g6 13. g3 Bg7 14. Kg2 O-O 15. a4 Nd7 16. Nb5 Rfb8 17. Nd2 Ne5 18. f4 Ng4 19. Kf3 Nf6 20. Nc4 Qd8 21. e4 Qe8 22.
Ra3 Rxb5 23. axb5 Rxa3+ 24. Nxa3 Nd7 25. Re1 Bd4 26. Nc4 Nf6 27. Qa4 Kg7 28. Qa6 Qb8 29. e5 dxe5 30. fxe5 Nxd5 31. b6 Nb4 32. Qa7 Qc8 33. b7 Qc6+ 34. Re4 Qa6 35. b8=Q Qxc4 36. Rxd4 Qf1+ 37. Ke3 cxd4+ 38. Kxd4 Nc2+ 39. Kc5 Qf2+ 40. Kc6 Nd4+ 41. Kd7 Qd2 42. Ke8 Nb5 43. Qxb5 Qg5 44.
Qbd7 h5 45. Qxe7 Qh6 46. Qxf7+ Kh8 47. Qf8+ Qxf8+ 48. Kxf8 1-0

[Event "Live Chess"]
[Site "Chess.com"]
[Date "2024.06.02"]
[Round "-"]
[White "matt1979"]
[Black "Dhaydon19"]
[Result "0-1"]
[WhiteElo "1376"]
[BlackElo "2681"]
[TimeControl "300"]
[EndTime "22:43:02 PDT"]
[Termination "Dhaydon19 won by resignation"]

1. f4 d5 2. e3 Nf6 3. Nf3 b6 4. d3 Bb7 5. Be2 e6 6. O-O Nbd7 7.
b3 c5 8. Bb2 Qc7 9. Nbd2 Ng4 10.
Rf2 Nxe3 11. Qc1 Ng4 12. Rf1 Qxf4 13. h3 Qe3+ 14. Kh1 Nf2+ 15. Rxf2 Qxf2 0-1

[Event "Live Chess"]
[Site "Chess.com"]
[Date "2024.06.02"]
[Round "-"]
[White "KeithArkell"]
[Black "MagnersCarlsberg2870"]
[Result "1-0"]
[WhiteElo "2417"]
[BlackElo "1816"]
[TimeControl "300"]
[EndTime "22:44:12 PDT"]
[Termination "KeithArkell won by checkmate"]

1. d4 d5 2. Nf3 Nf6 3. c4 e6 4.
Nc3 Bb4 5. cxd5 Nxd5 6. Bd2 Nxc3 7. bxc3 Be7 8. e4 O-O 9. Bd3 Nd7 10. h4 Nf6 11. e5 Nd5 12. Bxh7+ Kxh7 13. Ng5+ Bxg5 14. hxg5+ Kg6 15. Qh5+ Kf5 16. g6+ Ke4 17. Qf3# 1-0

[Event "Live Chess"]
[Site "Chess.com"]
[Date "2024.06.02"]
[Round "-"]
[White "booktrunk"]
[Black "Delacorta"]
[Result "1-0"]
[WhiteElo "1532"]
[BlackElo "1518"]
[TimeControl "300"]
[EndTime "22:44:20 PDT"]
[Termination "booktrunk won on time"]

1. d4 Nf6 2. Nc3 c6 3. e4 e6 4. e5 Nd5 5. Nxd5 cxd5 6. Nf3 Be7 7. Bd3 Nc6 8. c3 Qb6 9. Rb1 d6 10. exd6 Bxd6 11. O-O Bd7 12. Re1 O-O-O 13. Be3 Qc7 14. g3 h5 15. Nh4 Rhg8 16. Qxh5 g5 17. Bxg5 Rh8 18. Qf3 Rdg8 19. Bf6 Rxh4 20. Bxh4 Ne7 21. Bxe7 Bxe7 22. Qxf7 Qd8 23. Re3 Rf8 24. Qh5 Bg5 25. Re2 Rf3 26. Bc2 Qf6 27. Rf1 Bb5 28.
Ree1 Bxf1 29. Rxf1 Be3 30. Qe8+ Kc7 31. Ba4 Bxf2+ 32.
Kg2 Kb6 33. Qb5+ Kc7 34. Qc5+ Kd8 35. Qd6+ Kc8 36. Qd7+ Kb8 37. Qe8+ Kc7 38. Qd7+ Kb8 39. Bd1 Rf5 40. Be2 Be3 41. Rxf5 Qxf5 42. Qd6+ Kc8 43. Qc5+ Kd8 44. Qd6+ Ke8 45. Qb8+ Kf7 46. Qxb7+ Kg6 47. Qc7 Qf2+ 48. Kh3 Qf5+ 49. Bg4 1-0

[Event "Live Chess"]
[Site "Chess.com"]
[Date "2024.06.02"]
[Round "-"]
[White "WilliamofOrange16th"]
[Black "Bradfield133"]
[Result "1-0"]
[WhiteElo "1995"]
[BlackElo "1887"]
[TimeControl "300"]
[EndTime "22:45:48 PDT"]
[Termination "WilliamofOrange16th won by resignation"]

1. e4 c5 2. Nc3 Nc6 3. g3 g6 4.
Bg2 Bg7 5. d3 e5 6. Be3 d6 7. f4 Nd4 8. Nf3 Ne7 9. O-O O-O 10.
Ne2 Nxe2+ 11. Qxe2 exf4 12. gxf4 Bxb2 13. Rab1 Bg7 14.
h4 Rb8 15. h5 f5 16. hxg6 hxg6 17. Ng5 Nc6 18. exf5 Bxf5 19. Bd5+ Kh8 20. Qh2+ 1-0

[Event "Live Chess"]
[Site "Chess.com"]
[Date "2024.06.02"]
[Round "-"]
[White "Tatarinov_Maxim"]
[Black "McFim"]
[Result "1-0"]
[WhiteElo "2281"]
[BlackElo "1677"]
[TimeControl "300"]
[EndTime "22:45:50 PDT"]
[Termination "Tatarinov_Maxim won by resignation"]

1. Nf3 d5 2. g3 Nf6 3. Bg2 c6 4. c4 e6 5. O-O Be7 6. b3 O-O 7. Bb2 Nbd7 8. d3 b6 9. Nbd2 Bb7 10. Rc1 c5 11. Rc2 d4 12. b4 Bc6 13. b5 Bb7 14. a4 Qc7 15. a5 Rae8 16. a6 Ba8 17. Re1 h6 18. Nf1 Ne5 19. Nxe5 Qxe5 20. e3 Qd6 21. exd4 cxd4 22. Bxa8 Rxa8 23. Qf3 e5 24. Rce2 Nd7 25.
Qc6 Rac8 26. Qxd6 Bxd6 27. Nd2 Nc5 28. Ba3 Nxd3 29. Bxd6 Nxe1 30. Bxf8 Kxf8 31. Rxe1 f6 32. f4 Rc5 33. fxe5 fxe5 34. Kg2 Kf7 35. Kf3 Ke6 36. Ke4 g6 37. Rf1 Rc8 38. Rf3 1-0

[Event "Live Chess"]
[Site "Chess.com"]
[Date "2024.06.02"]
[Round "-"]
[White "AlanBstard10"]
[Black "Nikaru_Hikamura"]
[Result "0-1"]
[WhiteElo "1160"]
[BlackElo "1865"]
[TimeControl "300"]
[EndTime "22:47:32 PDT"]
[Termination "Nikaru_Hikamura won by checkmate"]

1. b4 e5 2. Bb2 Bxb4 3. Bxe5 Nf6 4. c3 Be7 5. Nf3 Nc6 6. Bxf6 Bxf6 7. e3 d5 8. Be2 O-O 9. d4 Bf5 10. Nbd2 Re8 11. O-O h6 12. c4 dxc4 13. Nxc4 Ne7 14.
Nce5 Nc8 15. Bd3 Bxd3 16. Qxd3 Bxe5 17. Nxe5 Rxe5 18. f4 Re7 19. Rfd1 Nd6 20. e4 Nxe4 21. Re1 Nf6 22. Rec1 c6 23. Qb3 Qd5 24. Qd3 Rd8 25. h3 Re4 26. Qa3 Qxd4+ 27. Kh2 Re2 28. Rd1 Qxf4+ 29.
Kg1 Qf2+ 30. Kh1 Qxg2# 0-1

[Event "Live Chess"]
[Site "Chess.com"]
[Date "2024.06.02"]
[Round "-"]
[White "KeithArkell"]
[Black "febray_27"]
[Result "1-0"]
[WhiteElo "2419"]
[BlackElo "2043"]
[TimeControl "300"]
[EndTime "22:47:48 PDT"]
[Termination "KeithArkell won by resignation"]

1. d4 Nf6 2. Nf3 g6 3. c4 Bg7 4. g3 d5 5. cxd5 Nxd5 6. Nc3 Nxc3 7. bxc3 O-O 8. Bg2 c6 9. O-O Na6 10. Bf4 Nc7 11. Qd2 e6 12. Bh6 Nd5 13. Bxg7 Kxg7 14.
Ne5 f6 15. Nc4 b5 16. Ne3 Bb7 17. a4 a6 18. Rfb1 Qe7 19. c4 Nxe3 20. Qxe3 b4 21. a5 Rab8 22. c5 Rfd8 23. Rxb4 Ba8 24. Rb6 e5 25. dxe5 Qxe5 26. Qxe5 fxe5 27. Rab1 1-0

[Event "Live Chess"]
[Site "Chess.com"]
[Date "2024.06.02"]
[Round "-"]
[White "Greenbecker"]
[Black "Duke_of_Bebington"]
[Result "1/2-1/2"]
[WhiteElo "1732"]
[BlackElo "1665"]
[TimeControl "300"]
[EndTime "22:48:23 PDT"]
[Termination "Game drawn by agreement"]

1. e4 e5 2. Nf3 Nf6 3. Nc3 Nc6 4.
Bb5 Nd4 5. Bc4 Nxe4 6. Nxe4 d5 7. Nxe5 dxc4 8. O-O b5 9. c3 Ne6 10. Qf3 f6 11. Qh5+ g6 12. Nxg6 Ng7 13. Qxb5+ Bd7 14. Qxc4 hxg6 15. Re1 Be7 16. Nxf6+ Kf8 17. Nxd7+ Qxd7 18. Qf4+ Nf5 19. h3 Kg7 20. d4 Bd6 21. Qg4 Rae8 22. Rxe8 Rxe8 23. Bg5 Re6 24. d5 Re5 25. c4 Qe8 26. g3 Re4 27. Qf3 Re1+ 28. Rxe1 Qxe1+ 29. Kg2 Qe5 30. Bf4 Qxb2 31. Bxd6 cxd6 32. Qe4 Qxa2 33. g4 Nh4+ 34. Kg3 Kh6 35. g5+ Kg7 36. Qxh4 Qb3+ 37. Kg2 1/2-1/2

[Event "Live Chess"]
[Site "Chess.com"]
[Date "2024.06.02"]
[Round "-"]
[White "Dhaydon19"]
[Black "EPotapov05"]
[Result "1-0"]
[WhiteElo "2681"]
[BlackElo "1791"]
[TimeControl "300"]
[EndTime "22:48:53 PDT"]
[Termination "Dhaydon19 won by resignation"]

1. d4 d5 2. Nf3 Nf6 3. g3 Bf5 4. Bg2 c6 5. c3 h6 6. O-O e6 7.
Nbd2 Nbd7 8. Re1 Be7 9. Qb3 Qb6 10. Nh4 Bh7 11. Nhf3 O-O 12. Qd1 Rfe8 13. e3 Ne4 14. Nxe4 Bxe4 15. Nd2 Bxg2 16. Kxg2 e5 17. Nf3 exd4 18. exd4 Bf6 19. Rxe8+ Rxe8 20. Qc2 Nf8 21. Be3 Qc7 22. h4 Qb6 23. Re1 Re6 24. h5 Qc7 25. Qf5 Qe7 26. g4 Nh7 27. Bd2 Rxe1 28. Bxe1 Ng5 29.
Ne5 Bxe5 30. dxe5 Qe6 31. Bd2 Qxf5 32. gxf5 Nh7 33. Be3 a6 34. Kf3 Kf8 35. Ke2 Ke7 36.
Kd3 f6 37. e6 Kd6 38. Bf4+ Ke7 39. Kd4 b6 40. Bc7 b5 41. f4 Nf8 42. Kc5 Nxe6+ 43. fxe6 Kxe6 44. Kxc6 Kf5 45. Kxd5 Kg4 46. Ke6 Kxh5 47. f5 Kg4 48. b3 h5 49. c4 bxc4 50.
bxc4 Kg5 51. c5 g6 52. fxg6 Kxg6 53. Bd6 f5 54. c6 1-0

[Event "Live Chess"]
[Site "Chess.com"]
[Date "2024.06.02"]
[Round "-"]
[White "matt1979"]
[Black "elephantgerrald"]
[Result "1-0"]
[WhiteElo "1377"]
[BlackElo "807"]
[TimeControl "300"]
[EndTime "22:49:03 PDT"]
[Termination "matt1979 won by checkmate"]

1. f4 d5 2. e3 Nc6 3. Bb5 Bd7 4.
Nf3 e6 5. b3 Nge7 6. Bb2 f6 7.
O-O a6 8. Be2 Nf5 9. Qe1 Bd6 10.
Nh4 O-O 11. Nxf5 exf5 12. Qh4 Be8 13. Bh5 Bxh5 14. Qxh5 g6 15. Qh4 Bb4 16. c3 Be7 17. d4 b5 18. Rf3 b4 19. c4 dxc4 20. bxc4 Na5 21. Nd2 c5 22. d5 Nxc4 23. Nxc4 g5 24. fxg5 fxg5 25. Qh6 Rf7 26. Ne5 Rf6 27. Qxg5+ Rg6 28.
Qxf5 Qf8 29. Nxg6 Qxf5 30. Nxe7+ Kf7 31. Nxf5 Kg6 32. Raf1 Re8 33. Nh4+ Kh5 34. Nf5 Kg5 35. d6 Rd8 36. Rg3+ Kh5 37. Rf4 h6 38. Rh4# 1-0

[Event "Live Chess"]
[Site "Chess.com"]
[Date "2024.06.02"]
[Round "-"]
[White "jk0110"]
[Black "Tatarinov_Maxim"]
[Result "0-1"]
[WhiteElo "1235"]
[BlackElo "2281"]
[TimeControl "300"]
[EndTime "22:49:08 PDT"]
[Termination "Tatarinov_Maxim won by resignation"]

1. e4 c5 2. d4 cxd4 3. c3 dxc3 4. Nxc3 Nc6 5. Nf3 e6 6. Bc4 d6 7. Bf4 Nf6 8. O-O Be7 9. Rc1 O-O 10. Nb5 e5 11.
Bg5 a6 12. Nc3 Bg4 13. h3 Bxf3 14. Qxf3 Nd4 15. Qg3 Rc8 16. Bb3 Rxc3 17. bxc3 Ne2+ 0-1

[Event "Live Chess"]
[Site "Chess.com"]
[Date "2024.06.02"]
[Round "-"]
[White "MagnersCarlsberg2870"]
[Black "Delacorta"]
[Result "1-0"]
[WhiteElo "1819"]
[BlackElo "1515"]
[TimeControl "300"]
[EndTime "22:49:22 PDT"]
[Termination "MagnersCarlsberg2870 won by resignation"]

1. d4 Nf6 2. Nf3 d6 3. Nc3 g6 4.
h3 Bg7 5. e4 O-O 6. Bc4 Nc6 7.
Qe2 Ne8 8. e5 dxe5 9. dxe5 e6 10.
Bg5 f6 11. Rd1 Qe7 12. exf6 Bxf6 13. Bxf6 Rxf6 14. Ne4 Rf4 15. Qe3 Rf8 16. O-O Kh8 17.
Qc3+ Qg7 18. Qa3 Rxf3 19. Qxf3 Ne5 20. Qc3 b6 21. Rd8 Qe7 22. Qxe5+ 1-0

[Event "Live Chess"]
[Site "Chess.com"]
[Date "2024.06.02"]
[Round "-"]
[White "booktrunk"]
[Black "WilliamofOrange16th"]
[Result "1/2-1/2"]
[WhiteElo "1539"]
[BlackElo "1988"]
[TimeControl "300"]
[EndTime "22:49:26 PDT"]
[Termination "Game drawn by repetition"]

1. d4 d5 2. Nc3 c6 3. e4 dxe4 4. Nxe4 Nf6 5. Nxf6+ exf6 6. Qe2+ Be7 7. Be3 O-O 8.
O-O-O Re8 9. Nf3 Be6 10. Qd3 Bxa2 11. b3 Ba3+ 12. Kd2 Qa5+ 13. c3 c5 14. Ra1 Bxb3 15.
Ke1 cxd4 16. Nxd4 Nc6 17. Nxb3 Qa4 18. Nc5 Qa5 19. Nb3 Qa4 20. Nc5 Qa5 21. Nb3 1/2-1/2

[Event "Live Chess"]
[Site "Chess.com"]
[Date "2024.06.02"]
[Round "-"]
[White "Dhaydon19"]
[Black "Greenbecker"]
[Result "1-0"]
[WhiteElo "2681"]
[BlackElo "1732"]
[TimeControl "300"]
[EndTime "22:50:00 PDT"]
[Termination "Dhaydon19 won by resignation"]

1. d4 d5 2. Nf3 Nf6 3. g3 e6 4.
Bg2 c5 5. O-O Nc6 6. dxc5 Bxc5 7. c4 O-O 8. cxd5 exd5 9. Qc2 g6 10. Qxc5 Bg4 11. Bg5 Rc8 12. Qa3 a6 13. Qa4 Qd6 14.
Bxf6 Qxf6 15. Qxg4 1-0

[Event "Live Chess"]
[Site "Chess.com"]
[Date "2024.06.02"]
[Round "-"]
[White "AlanBstard10"]
[Black "KeithArkell"]
[Result "0-1"]
[WhiteElo "1160"]
[BlackElo "2419"]
[TimeControl "300"]
[EndTime "22:54:30 PDT"]
[Termination "KeithArkell won by resignation"]

1. b4 b6 2. Bb2 Nf6 3. a3 Bb7 4. Nf3 g6 5. c4 Bg7 6. d3 d6 7.
Nbd2 Nbd7 8. e3 O-O 9. Be2 e5 10. O-O Re8 11. e4 a5 12. b5 Nc5 13. Nb3 Nfd7 14.
Nfd2 a4 15. Nxc5 Nxc5 16. f4 f5 17. fxe5 dxe5 18. exf5 Nxd3 19. Bxd3 Qg5 20. g3 Qe3+ 21. Rf2 Qxd3 22. Qg4 gxf5 23. Qg5 Rad8 24. Rd1 Qc2 25. Ba1 Qxd1+ 0-1

[Event "Live Chess"]
[Site "Chess.com"]
[Date "2024.06.02"]
[Round "-"]
[White "Delacorta"]
[Black "elephantgerrald"]
[Result "1-0"]
[WhiteElo "1515"]
[BlackElo "806"]
[TimeControl "300"]
[EndTime "22:55:13 PDT"]
[Termination "Delacorta won by checkmate"]

1. d4 d5 2. Nf3 Nc6 3. e3 Bg4 4. Be2 Nf6 5. Nbd2 Qd7 6. h3 Bf5 7. g4 Be4 8. Nxe4 dxe4 9. Nd2 O-O-O 10. b3 Nxd4 11. exd4 Qxd4 12. Rb1 e6 13. Nc4 Qc3+ 14.
Bd2 Qd4 15. Be3 Qc3+ 16. Bd2 Qd4 17. O-O Bc5 18. Be3 Qxd1 19. Rbxd1 Bxe3 20. Nxe3 h5 21. g5 Nd5 22. Nxd5 Rxd5 23. Bc4 Rxg5+ 24. Kh2 b6 25. Rd4 Re5 26. Rfd1 e3 27. Ba6+ Kb8 28. Rd8+ Rxd8 29. Rxd8# 1-0

[Event "Live Chess"]
[Site "Chess.com"]
[Date "2024.06.02"]
[Round "-"]
[White "McFim"]
[Black "Bradfield133"]
[Result "1-0"]
[WhiteElo "1689"]
[BlackElo "1869"]
[TimeControl "300"]
[EndTime "22:55:39 PDT"]
[Termination "McFim won on time"]

1. e4 c5 2. Nf3 Nc6 3. Bb5 Qb6 4. Bxc6 Qxc6 5. Nc3 b5 6. d3 b4 7. Nd5 e6 8. Ne3 Bb7 9. O-O Ne7 10. b3 Ng6 11. Bb2 h5 12. h3 f6 13. Nc4 a5 14.
Re1 Be7 15. d4 cxd4 16. Bxd4 Kf7 17. Rc1 h4 18. c3 Qa6 19. Nb2 Rac8 20. c4 Qc6 21.
Nd3 d5 22. cxd5 exd5 23. Rxc6 Rxc6 24. exd5 Rd6 25. Bc5 Rxd5 26. Bxe7 Nxe7 27. Qc2 Rc8 28. Qe2 Rc7 29. Qe6+ Kf8 30. Nf4 Rdc5 31. Ng6+ 1-0

[Event "Live Chess"]
[Site "Chess.com"]
[Date "2024.06.02"]
[Round "-"]
[White "EPotapov05"]
[Black "WilliamofOrange16th"]
[Result "1-0"]
[WhiteElo "1808"]
[BlackElo "1976"]
[TimeControl "300"]
[EndTime "22:55:50 PDT"]
[Termination "EPotapov05 won by resignation"]

1. d4 d5 2. c4 c6 3. Nf3 Nf6 4.
Qc2 dxc4 5. Qxc4 Bf5 6. Nc3 e6 7. Bg5 Nbd7 8. e3 Be7 9. Be2 O-O 10. O-O Rc8 11. Nh4 Bg6 12. Nxg6 hxg6 13. Qb3 b6 14. Rfd1 Nh5 15. Bxe7 Qxe7 16. Rac1 f5 17. Bf3 Nhf6 18. Ne2 Nd5 19. Bxd5 exd5 20. Nf4 g5 21. Ng6 Qe6 22. Nxf8 Kxf8 23. Qd3 Kf7 24. Rc3 g4 25. Rdc1 g6 26.
Qa6 Rc7 27. Qa4 Nb8 28. b4 Qd6 29. a3 Kf6 30. R1c2 Kg5 31. Qb3 Rh7 32. g3 Qd8 33. b5 Qh8 34. f3 gxf3 35. bxc6 Rc7 36. Qxd5 Qh3 37. Qxf3 1-0

[Event "Live Chess"]
[Site "Chess.com"]
[Date "2024.06.02"]
[Round "-"]
[White "Greenbecker"]
[Black "Ksenia_2013"]
[Result "1-0"]
[WhiteElo "1733"]
[BlackElo "832"]
[TimeControl "300"]
[EndTime "22:56:02 PDT"]
[Termination "Greenbecker won by resignation"]

1. e4 e5 2. Nf3 Bd6 3. d4 Nc6 4. Nc3 Nf6 5. Bg5 O-O 6. Bb5 b6 7. Bxc6 dxc6 8. dxe5 Bxe5 9. Nxe5 Qe7 10. Nxc6 Qe6 11.
Nd4 Qc4 12. Bxf6 gxf6 13. Nf5 Bxf5 14. exf5 Rfe8+ 15. Ne2 Re7 16. b3 Qa6 17. O-O Rxe2 18. Re1 Rae8 19. Rxe2 Rxe2 20. c4 Re5 21. Qg4+ Kh8 22.
Rd1 Qc8 23. f4 Re4 24. Qf3 Qe8 25. Qc3 a5 26. Qxf6+ Kg8 27. Rd8 Re1+ 28. Kf2 Re4 29. Rxe8+ Rxe8 30. Kf3 Rd8 31. Qxd8+ 1-0

[Event "Live Chess"]
[Site "Chess.com"]
[Date "2024.06.02"]
[Round "-"]
[White "Tatarinov_Maxim"]
[Black "matt1979"]
[Result "1-0"]
[WhiteElo "2281"]
[BlackElo "1377"]
[TimeControl "300"]
[EndTime "22:56:34 PDT"]
[Termination "Tatarinov_Maxim won by resignation"]

1. Nf3 f5 2. e4 d5 3. exd5 Nf6 4. c4 c6 5. dxc6 Nxc6 6. d4 e6 7. Be2 Bb4+ 8. Bd2 Bxd2+ 9. Qxd2 O-O 10. O-O Ne4 11. Qe3 Qf6 12. Nc3 Nxc3 13. bxc3 Bd7 14. Rab1 b6 15. Ne5 Nxe5 16. dxe5 Qg6 17. Bf3 Rad8 18.
Rfd1 Bc8 19. c5 bxc5 20. Qxc5 a6 21. Qc7 Qe8 22. Rxd8 Qxd8 23. Qxd8 Rxd8 24. Rb8 Kf8 25. h4 Ke7 26. Bb7 Kd7 27. Bxc8+ Rxc8 28. Rxc8 Kxc8 29.
f4 Kc7 30. Kf2 Kc6 31. Ke3 Kd5 32. Kd3 g6 33. c4+ Kc5 34. Kc3 a5 35. a3 a4 36. Kd3 h6 37. Kc3 h5 38. g3 Kb6 39.
Kb4 Kc6 40. Kxa4 Kb6 41. Kb4 Kc6 42. a4 Kb6 43. a5+ Kc6 44. c5 Kb7 45. Kb5 Kc7 46.
c6 Kb8 47. Kb6 Kc8 48. c7 g5 49. hxg5 h4 50. gxh4 Kd7 51. Kb7 Ke8 52. c8=Q+ 1-0

[Event "Live Chess"]
[Site "Chess.com"]
[Date "2024.06.02"]
[Round "-"]
[White "RockTroll"]
[Black "Duke_of_Bebington"]
[Result "1-0"]
[WhiteElo "2183"]
[BlackElo "1659"]
[TimeControl "300"]
[EndTime "22:57:06 PDT"]
[Termination "RockTroll won by resignation"]

1. Nf3 d5 2. g3 Nf6 3. Bg2 c6 4. O-O Bf5 5. d3 h6 6. Nc3 e6 7.
Nd2 Be7 8. e4 dxe4 9. dxe4 Bh7 10.
Qe2 O-O 11. Rd1 Nbd7 12. Nc4 Qc7 13. a4 a5 14. Be3 Nc5 15. Bf4 Qc8 16. Nd6 Qb8 17.
Nxf7 Rxf7 18. Bxb8 1-0

[Event "Live Chess"]
[Site "Chess.com"]
[Date "2024.06.02"]
[Round "-"]
[White "booktrunk"]
[Black "Dhaydon19"]
[Result "0-1"]
[WhiteElo "1539"]
[BlackElo "2681"]
[TimeControl "300"]
[EndTime "22:57:44 PDT"]
[Termination "Dhaydon19 won by resignation"]

1. d4 d5 2. c4 dxc4 3. Qa4+ Nc6 4. Qxc4 Qxd4 5. Qxd4 Nxd4 6. Na3 e5 7. e3 Bb4+ 8. Bd2 Bxa3 9. exd4 Bxb2 10. Rb1 Bxd4 11. Nf3 c5 12. Nxd4 exd4 13. Bb5+ Kf8 14. Rc1 b6 15. Bc6 Rb8 16. Bf4 Bb7 17. Bxb8 Bxc6 18. Bxa7 Ke7 19. Bxb6 Nf6 20. Bxc5+ Ke6 21. Bxd4 Bxg2 22.
Rg1 Bd5 23. Bxf6 gxf6 24. Rc3 Ra8 25. a3 Rb8 26. Re3+ Kf5 27. Rg7 h5 28. Rd3 Be6 29.
Rgg3 Rb1+ 30. Kd2 Rb2+ 31. Ke3 Bc4 32. Rc3 Bb5 33. Rf3+ Ke6 34. Kf4 Ke7 35. Kg3 Bd7 36.
Rce3+ Be6 37. Rf5 Rb1 38. Rxh5 Rg1+ 39. Kf3 Kf8 40. Rh4 Bd5+ 41. Ke2 Ra1 42. Rd4 Be6 43. Rg3 f5 44. Rd8+ Ke7 45. Rdd3 f4 46. Rg5 Kf6 47. Ra5 Ra2+ 48. Rd2 Bc4+ 49. Ke1 Ra1+ 50. Rd1 Ra2 51. Ra4 Re2+ 52. Kf1 Rc2+ 53. Kg1 f3 54. Rb4 Be2 55. Rd6+ Ke7 56. Rb1 Kxd6 57. h4 Rc4 58. Kh2 Rxh4+ 59. Kg3 Ra4 60. Rb6+ Ke5 61. Rb5+ Bxb5 0-1